 Dungeon Crawl Stone Soup version 0.13.1-2-gfb2c2b7 (webtiles) character file.

1151 Lilouch the Skirmisher (level 7, -12/53 HPs)
             Began as a Mummy Chaos Knight on Dec 12, 2013.
             Was a Plaything of Xom.
             Mangled by a spiny frog (16 damage)
             ... on Level 7 of the Dungeon.
             The game lasted 00:19:48 (5511 turns).

Lilouch the Skirmisher (Mummy Chaos Knight)         Turns: 5511, Time: 00:19:48

HP -12/53        AC 12     Str 17      XL: 7   Next: 65%
MP   7/7         EV  4     Int 11      God: Xom
Gold 320         SH 18     Dex 11      Spells:  0 memorised,  6 levels left

Res.Fire  : x . .   See Invis. : .   a - +0 spear (chaos) {=f}
Res.Cold  : + . .   Warding    : .   d - +0 chain mail
Life Prot.: + + +   Conserve   : .   E - +0 shield
Res.Poison: +       Res.Corr.  : .   r - +0 helmet
Res.Elec. : .       Clarity    : .   j - +0 cloak
Sust.Abil.: . .     Spirit.Shd : .   D - +0 pair of gloves
Res.Mut.  : .       Stasis     : .   (no boots)
Res.Rott. : +       Flight     : .   t - amulet of inaccuracy {unknown}
Saprovore : . . .                    u - ring of teleport control
                                     c - ring of protection from magic {unknown}

@: quite resistant to hostile enchantments, extremely unstealthy
A: no food or potions, fire vulnerability, restore body, cold resistance 1, life
protection 3, poison resistance, torment resistance, unbreathing
a: Renounce Religion, Evoke Teleport Control


You were on level 7 of the Dungeon.
You worshipped Xom.
You were a special plaything of Xom.
You were not hungry.

You visited 1 branch of the dungeon, and saw 7 of its levels.

You collected 300 gold pieces.

Inventory:

Hand weapons
 a - a +0,+0 spear of chaos (weapon) {=f}
 f - a +0,+0 spear (quivered)
 h - a +2,+1 flail of chaos
 H - a +0 blowgun
Missiles
 i - a throwing net
 k - 14 darts of flame
 p - 11 bolts of frost
Armour
 d - a +0 chain mail (worn)
 j - a +0 cloak (worn)
 r - a +0 helmet (worn)
 D - a +0 pair of gloves (worn)
 E - a +0 shield (worn)
Magical devices
 l - a wand of polymorph (0)
 w - a wand of polymorph (13)
 G - a wand of magic darts (5)
Scrolls
 b - a scroll of recharging {unknown}
 e - 7 scrolls of identify {unknown}
 g - a scroll of curse armour {unknown}
 m - 5 scrolls of teleportation {unknown}
 n - 3 scrolls of magic mapping {unknown}
 o - 2 scrolls of noise {unknown}
 q - a scroll of enchant weapon II {unknown}
 s - a scroll of amnesia {unknown}
 x - a scroll of curse jewellery {unknown}
 y - a scroll of remove curse {unknown}
 z - a scroll of enchant armour {unknown}
 B - a scroll of curse weapon {unknown}
 C - a scroll of fear {unknown}
 F - a scroll of blinking {unknown}
Jewellery
 c - a ring of protection from magic (left hand) {unknown}
 t - an amulet of inaccuracy (around neck) {unknown}
 u - a ring of teleport control (right hand)
Books
 v - a book of Callings

   Spells                             Type                      Level
   Summon Small Mammal                Summoning                    1
   Call Imp                           Summoning                    2
   Call Canine Familiar               Summoning                    3
   Summon Scorpions                   Summoning/Poison             4
   Summon Ice Beast                   Ice/Summoning                4
 A - a book of Control

   Spells                             Type                      Level
   Control Teleport                   Charms/Translocation         4
   Control Undead                     Necromancy                   4
   Enslavement                        Hexes                        4
   Mass Confusion                     Hexes                        6
   Metabolic Englaciation             Hexes/Ice                    6


   Skills:
 + Level 5.1 Fighting
 + Level 4.3 Polearms
 + Level 3.6 Armour
 - Level 0.7 Dodging
 * Level 3.6 Shields


You had 6 spell levels left.
You didn't know any spells.

Dungeon Overview and Level Annotations

Branches:
Dungeon (7/27)
 Temple: D:4-7          Orc: D:6-11

Altars:
Cheibriados
Sif Muna

Annotations:
D:7 Pr0man's ghost, experienced GrFi


Innate Abilities, Weirdness & Mutations

You do not eat or drink.
Your flesh is vulnerable to fire.
Your flesh is cold resistant.
You are immune to negative energy.
Your system is resistant to poisons.
You are immune to unholy pain and torment.
You can survive without breathing.


Message History

Aim: a human (severely wounded)
You hit the human.
The human is severely wounded.
The human hits you.
* * * LOW HITPOINT WARNING * * *
Evoke which item? (* to show all) (? for menu, Esc to quit)
Zapping:
w - a wand of polymorph {zapped: 2} {god gift}
Press: ? - help, Shift-Dir - straight line, f/p - human
Aim: a human (severely wounded)
The human evaporates and reforms as a spiny frog!
The spiny frog stings you.
* * * LOW HITPOINT WARNING * * *
Evoke which item? (* to show all) (? for menu, Esc to quit)
Zapping:
w - a wand of polymorph {zapped: 3} {god gift}
Press: ? - help, Shift-Dir - straight line, f/p - spiny frog
Aim: a spiny frog The spiny frog resists with some effort.
The spiny frog stings you!
You die...
Xom cackles wildly!

#.................
#.................
#.................
#.................
#.................
#............(....
#.................
#F.......>........
#@................
#...........).....
#....%.................
#.$..........(.........
#......................
#...............#######
#...............#
...............#
..............#


You could see a spiny frog.

Vanquished Creatures
  An ogre (D:4)
  A centaur (D:6)
  A fire bat (D:4)
  2 crimson imps (D:5)
  A goliath beetle (D:7)
  2 hounds (D:5)
  A scorpion (D:7)
  A spider (D:7)
  2 orc priests
  2 orc wizards (D:4)
  Jessica (D:2)
  An ogre skeleton (D:7)
  11 adders
  A lemure (D:3)
  3 gnolls
  An inept feature mimic (D:6)
  A worm (D:2)
  A giant eyeball (D:5)
  2 giant geckos
  2 oozes (D:2)
  10 orcs
  11 bats
  2 giant cockroaches
  9 goblins
  10 hobgoblins
  2 quokkas
  A ball python (D:5)
  6 giant newts
  A hobgoblin skeleton (D:4)
  5 kobolds
  A kobold skeleton (D:5)
  A quokka skeleton (D:4)
  12 rats
109 creatures vanquished.

Vanquished Creatures (collateral kills)
  Menkaure (D:7)
  A kobold (D:7)
  A rat (D:3)
3 creatures vanquished.

Vanquished Creatures (others)
  A fire bat (D:5)
  A worker ant (D:4)
2 creatures vanquished.

Grand Total: 114 creatures vanquished

Notes
Turn   | Place    | Note
--------------------------------------------------------------
     0 | D:1      | Lilouch, the Mummy Chaos Knight, began the quest for the Orb.
     0 | D:1      | Reached XP level 1. HP: 16/16 MP: 1/1
     0 | D:1      | XOM: harmless Pois miscast
    23 | D:1      | XOM: harmless Erth miscast
   206 | D:1      | XOM: mild Erth miscast
   414 | D:1      | Reached XP level 2. HP: 22/22 MP: 2/2
   565 | D:1      | XOM: silly message
   664 | D:1      | XOM: silly message
   684 | D:1      | XOM: harmless Divn miscast
   686 | D:1      | XOM: god gift: glowing flail {god gift}
   830 | D:2      | XOM is BORED!
   830 | D:2      | XOM: medium Necr miscast
   873 | D:2      | Reached XP level 3. HP: 28/28 MP: 3/3
  1114 | D:2      | Noticed Jessica
  1127 | D:2      | Killed Jessica
  1164 | D:2      | Reached XP level 4. HP: 20/34 MP: 4/4
  1230 | D:2      | XOM: silly message
  1564 | D:3      | Found a deep blue altar of Sif Muna.
  1568 | D:3      | XOM: summons 2 hostile demons
  1683 | D:3      | XOM: 1-stop teleportation journey
  1932 | D:3      | XOM: silly message
  1941 | D:3      | XOM: mild Divn miscast
  2077 | D:3      | Found a snail-covered altar of Cheibriados.
  2086 | D:3      | XOM: blink monster(s)
  2094 | D:3      | Reached skill level 4 in Fighting
  2264 | D:3      | XOM: colour smoke trail
  2343 | D:4      | Reached XP level 5. HP: 37/40 MP: 5/5
  2415 | D:4      | Reached skill level 1 in Shields
  2578 | D:4      | XOM: cast spell 'Flight'
  2690 | D:4      | XOM: god gift: wand of polymorph {god gift}
  2699 | D:4      | XOM: god gift: scroll labeled DEVUW PSELEULA
  2887 | D:5      | Entered Level 5 of the Dungeon
  2914 | D:5      | XOM: 1-stop teleportation journey
  2962 | D:5      | Reached XP level 6. HP: 47/47 MP: 6/6
  3036 | D:4      | Noticed an ogre
  3038 | D:4      | XOM: enchant monster (good)
  3054 | D:4      | XOM: enchant monster (good)
  3062 | D:4      | Killed an ogre
  3763 | D:5      | XOM: harmless Summ miscast
  3829 | D:5      | XOM: 1-stop teleportation journey
  3831 | D:5      | XOM: silly message
  3903 | D:5      | XOM: harmless Conj miscast
  3914 | D:5      | XOM: confusion
  3938 | D:5      | Reached XP level 7. HP: 46/53 MP: 7/7
  4028 | D:5      | XOM: god gift: 16 stones
  4109 | D:5      | XOM: god gift: scroll labeled OTYUGU TIYNAUZ
  4124 | D:5      | XOM: divine lightning (protected)
  4231 | D:5      | HP: 1/53 [something (4)]
  4504 | D:5      | XOM: god gift: leather armour {god gift}
  4987 | D:6      | XOM: swap monsters
  5110 | D:7      | Noticed Pr0man's ghost (experienced GrFi)
  5111 | D:7      | XOM: 2-stop teleportation journey
  5135 | D:7      | Noticed Edmund
  5144 | D:7      | XOM: inner flame monster(s)
  5153 | D:7      | XOM: confuse monster(s)
  5168 | D:7      | Noticed Edmund
  5168 | D:7      | Edmund changed into Edmund the spider
  5168 | D:7      | XOM: polymorph Edmund -> Edmund the spider
  5176 | D:7      | Killed Edmund the spider
  5176 | D:7      | Reached skill level 5 in Fighting
  5208 | D:7      | XOM: noise
  5221 | D:7      | Noticed Menkaure
  5236 | D:7      | HP: 1/53 [Menkaure (12)]
  5241 | D:7      | HP: 1/53 [Menkaure (1)]
  5267 | D:7      | XOM: cast spell 'Summon Dragon'
  5270 | D:7      | Killed Menkaure
  5474 | D:7      | Noticed a human
  5474 | D:7      | a goliath beetle changed into a human
  5510 | D:7      | Noticed a spiny frog
  5510 | D:7      | a human changed into a spiny frog
  5511 | D:7      | Mangled by a spiny frog

Action                   |  1- 3 |  4- 6 |  7- 9 || total
-------------------------+-------+-------+-------++-------
Melee: Spear             |   121 |   430 |   184 ||   735
Evoke: Wand              |     1 |       |    11 ||    12
 Stab: Paralysed         |     2 |    12 |     8 ||    22
       Petrified         |       |     4 |       ||     4
       Confused          |       |     2 |     4 ||     6
       Petrifying        |       |     2 |     1 ||     3
